[Event "*** Titled Tuesday Blitz"]
[Site "Chess.com"]
[Date "2021.04.27"]
[Round "10"]
[White "dosto07"]
[Black "AttackSparrow"]
[Result "1-0"]
[WhiteElo "2323"]
[BlackElo "2452"]
[TimeControl "180+1"]
[EndTime "11:51:56 PDT"]
[Termination "dosto07 won by resignation"]

1. e4 c5 2. Nf3 e6 3. c3 Nf6 4. e5 Nd5 5. Bc4 Nb6 6. Bb3 c4 7. Bc2 Nc6 8. d4 cxd3 9. Qxd3 Qc7 10. Qe4 d6 11. exd6 Bxd6 12. O-O Bd7 13. Na3 a6 14. Be3 Ne7 15. Bxb6 Qxb6 16. Nc4 Qc7 17. Qxb7 Bxh2+ 18. Nxh2 Qxb7 19. Nd6+ Kd8 20. Nxb7+ Kc7 21. Nc5 Bc6 22. Rfd1 a5 23. Be4 Rab8 24. Na6+ Kb6 25. Nxb8 Bxe4 26. Nd7+ Ka7 27. Ne5 Bb7 28. Rd7 Nd5 29.
Nxf7 Rb8 30. Nd6 Kb6 31. Rxb7+ Rxb7 32. Nxb7 Kxb7 33. Re1 Nf4 34. g3 Nh3+ 35. Kg2 Ng5 36. f4 Nf7 37. Rxe6 1-0

[Event "*** Titled Tuesday Blitz"]
[Site "Chess.com"]
[Date "2021.04.27"]
[Round "10"]
[White "topin8"]
[Black "RiskyDecision"]
[Result "0-1"]
[WhiteElo "2310"]
[BlackElo "2539"]
[TimeControl "180+1"]
[EndTime "11:51:58 PDT"]
[Termination "RiskyDecision won on time"]

1. e4 c5 2. Nf3 e6 3. c3 Nf6 4.
e5 Nd5 5. d4 cxd4 6. cxd4 d6 7. Bc4 Be7 8. O-O O-O 9. Re1 b6 10. Nbd2 Bb7 11. Ne4 dxe5 12. dxe5 h6 13. Qe2 Nd7 14. Bd2 Rc8 15. Bxd5 Bxd5 16. Bc3 Nc5 17.
Ng3 Na4 18. Nd4 Nxc3 19. bxc3 Rxc3 20. Qg4 g6 21. Rac1 Qc7 22. Nge2 Rxc1 23. Nxc1 Rc8 24. Nce2 Qxe5 25. h4 Qe4 26. Qh3 Qxh4 0-1

[Event "*** Titled Tuesday Blitz"]
[Site "Chess.com"]
[Date "2021.04.27"]
[Round "10"]
[White "enriquetejedor"]
[Black "Nils_03"]
[Result "0-1"]
[WhiteElo "2579"]
[BlackElo "2458"]
[TimeControl "180+1"]
[EndTime "11:52:01 PDT"]
[Termination "Nils_03 won by checkmate"]

1. b3 a5 2. Bb2 a4 3. Nc3 a3 4. Bc1 e5 5. e3 Nf6 6. d4 exd4 7.
exd4 d5 8. Bd3 Bb4 9. Ne2 Nc6 10. O-O O-O 11. Bg5 Nxd4 12. Bxh7+ Kxh7 13. Qxd4 Be7 14. Qh4+ Kg8 15. Rad1 c6 16. Ne4 Bf5 17. Nxf6+ Bxf6 18. Bxf6 Qxf6 19. Qxf6 gxf6 20. c3 Rfe8 21. Rd2 Bd3 22. Re1 Ba6 23. h3 Re6 24. f3 Rae8 25. Kf2 c5 26. Rxd5 Rxe2+ 27. Rxe2 Rxe2+ 28. Kg3 Rxa2 29. Rxc5 Rb2 30. Ra5 Rxb3 31. Kf4 Rxc3 32. Kf5 Kg7 33. g4 Rb3 34. f4 Rb5+ 35. Rxb5 Bxb5 36. g5 fxg5 37. Kxg5 a2 38. h4 a1=Q 39. f5 Qf6+ 40. Kh5 Be2# 0-1

[Event "*** Titled Tuesday Blitz"]
[Site "Chess.com"]
[Date "2021.04.27"]
[Round "10"]
[White "LamaChampetre"]
[Black "McCarthyStone"]
[Result "0-1"]
[WhiteElo "2211"]
[BlackElo "2350"]
[TimeControl "180+1"]
[EndTime "11:52:03 PDT"]
[Termination "McCarthyStone won on time"]

1. d4 d6 2. Nf3 Nd7 3. e4 g6 4.
Bc4 Bg7 5. O-O e6 6. Be3 Ne7 7.
Nc3 a6 8. Qd2 h6 9. a4 b6 10. Rfe1 Bb7 11. Rad1 g5 12. h3 Ng6 13. Nh2 Nf6 14. Bd3 Nh5 15. e5 Nhf4 16. Be4 Bxe4 17. Nxe4 dxe5 18. Bxf4 exf4 19. c4 O-O 20. d5 exd5 21.
cxd5 Re8 22. d6 cxd6 23. Nxd6 Rxe1+ 24. Rxe1 Qd7 25. Rd1 Rd8 26. Qc2 Be5 27. Nf3 Bxd6 28. Qc4 Qe6 29. Qxa6 Be7 30. Re1 Qd6 31. a5 bxa5 32.
Qxa5 Kg7 33. Qa2 Bf6 0-1

[Event "*** Titled Tuesday Blitz"]
[Site "Chess.com"]
[Date "2021.04.27"]
[Round "10"]
[White "Kale36"]
[Black "Willhaven3"]
[Result "0-1"]
[WhiteElo "2278"]
[BlackElo "2480"]
[TimeControl "180+1"]
[EndTime "11:52:06 PDT"]
[Termination "Willhaven3 won by resignation"]

1. d4 Nf6 2. Nf3 e6 3. Bf4 b6 4. e3 Bb7 5. Nbd2 c5 6. c3 cxd4 7. exd4 d6 8. h3 Be7 9. Bd3 O-O 10. O-O Re8 11. Qe2 Nbd7 12. Ba6 Qc8 13. Bxb7 Qxb7 14. a4 a6 15. Rfe1 Nf8 16. Ng5 Nd5 17. Be3 h6 18.
Nge4 f5 19. Bxh6 gxh6 20. Ng3 Nf4 21. Qf1 Bg5 22. Nf3 Nxh3+ 23. Kh2 Nf4 24. Ne2 Nd3 25. Ng3 Nxe1 26. Rxe1 Bf4 27. Qd3 Qg7 28. Nh4 Qg4 29. Nxf5 exf5 30. Qc4+ Kh8 31. Qf7 Rxe1 32. Qf6+ Qg7 33. Qxf5 Qg5 0-1

[Event "*** Titled Tuesday Blitz"]
[Site "Chess.com"]
[Date "2021.04.27"]
[Round "10"]
[White "Romadk"]
[Black "rynos0411"]
[Result "1-0"]
[WhiteElo "2337"]
[BlackElo "2457"]
[TimeControl "180+1"]
[EndTime "11:52:08 PDT"]
[Termination "Romadk won by resignation"]

1. d4 Nf6 2. Nf3 e6 3. g3 d5 4.
Bg2 Be7 5. c4 O-O 6. Nc3 a6 7. O-O dxc4 8. Ne5 c5 9. dxc5 Qc7 10.
Nxc4 Bxc5 11. Bf4 Bxf2+ 12. Rxf2 Qxc4 13. Rc1 Qb4 14. Bd6 Qb6 15. Na4 Qd8 16. Bxf8 Qxf8 17. Rxc8 Qxc8 18. Nb6 Qe8 19. Nxa8 Nbd7 20. Bxb7 Nc5 21. Bf3 Nce4 22. Bxe4 Nxe4 23. Rf4 f5 24. Rxe4 fxe4 25. Nb6 Qb8 26. Qb3 Kf7 27. Nc4 Qc7 28.
Qb4 h5 29. b3 h4 30. Qd6 Qa7+ 31. Qb6 Qe7 32. Ne5+ Kg8 33. Qb8+ Kh7 34. Qh8+ 1-0

[Event "*** Titled Tuesday Blitz"]
[Site "Chess.com"]
[Date "2021.04.27"]
[Round "10"]
[White "Orest_Vovk"]
[Black "Zq1"]
[Result "0-1"]
[WhiteElo "2379"]
[BlackElo "2542"]
[TimeControl "180+1"]
[EndTime "11:52:10 PDT"]
[Termination "Zq1 won on time"]

1. h3 d5 2. e4 dxe4 3. Nc3 Nf6 4. Qe2 g6 5. Nxe4 Bg7 6. Nf3 O-O 7. Nxf6+ exf6 8.
d3 Re8 9. Be3 f5 10. g3 Bxb2 11. Rb1 Bc3+ 12. Kd1 c5 13. Bg2 Nc6 14. h4 h5 15. Ng5 Nd4 16. Qf1 Bd7 17. Bd5 Re7 18. Qg2 Ba4 19. Nxf7 Bxc2+ 20. Kc1 Qa5 21. Nd6+ Kh8 22.
Bb3 Qa3+ 0-1

[Event "*** Titled Tuesday Blitz"]
[Site "Chess.com"]
[Date "2021.04.27"]
[Round "10"]
[White "VladaSviridova"]
[Black "jraosam"]
[Result "1-0"]
[WhiteElo "2283"]
[BlackElo "1884"]
[TimeControl "180+1"]
[EndTime "11:52:11 PDT"]
[Termination "VladaSviridova won by resignation"]

1. d4 d5 2. c4 e6 3. Nf3 Nf6 4. Nc3 c6 5. e3 Bd6 6. Qc2 Nbd7 7. Bd3 O-O 8. O-O e5 9. cxd5 cxd5 10. e4 exd4 11.
Nxd5 Nxd5 12. exd5 Nf6 13. Nxd4 h6 14. Nf5 Bb8 15.
Rd1 Nxd5 16. Bc4 Bxf5 17. Qxf5 Ne7 18. Bxf7+ Kh8 19. Rxd8 Rxd8 20. Qc2 Nc6 21. Be3 Be5 22. Qg6 Bxb2 23. Rb1 Bc3 24. Bxh6 Be5 25. Bxg7+ Bxg7 26. Qh5+ 1-0

[Event "*** Titled Tuesday Blitz"]
[Site "Chess.com"]
[Date "2021.04.27"]
[Round "10"]
[White "Vanina1989"]
[Black "dretch"]
[Result "0-1"]
[WhiteElo "2829"]
[BlackElo "2856"]
[TimeControl "180+1"]
[EndTime "11:52:13 PDT"]
[Termination "dretch won on time"]

1. d4 d5 2. c4 c6 3. Nf3 Nf6 4. g3 dxc4 5. Ne5 Qd5 6. f3 c5 7. e4 Qxd4 8. Qxd4 cxd4 9. Bxc4 e6 10. Ke2 Nfd7 11. Nxd7 Bxd7 12. Nd2 Nc6 13. Nb3 Ne5 14. Bd3 Nxd3 15. Kxd3 e5 16. f4 Bb5+ 17. Kc2 Rc8+ 18. Kd1 f6 19. Bd2 Bd6 20. Re1 Kd7 21. a4 Bd3 22. Rc1 Rxc1+ 23. Nxc1 Bb1 24. fxe5 fxe5 25. Rf1 Rf8 26. Rxf8 Bxf8 27. Ke2 Bxe4 28. Nd3 Ke6 29. Nf2 Bc2 30. Nd3 Bxd3+ 31. Kxd3 Kd5 32. Ke2 e4 33. Bf4 d3+ 34. Kd2 Bb4+ 35. Ke3 Bc5+ 36. Kd2 Kc4 37. Be5 g6 38. Bf4 Kb3 39. Be5 a6 40. a5 Kb4 41.
Bc3+ Kc4 42. Be5 e3+ 43. Kd1 Bb4 0-1

[Event "*** Titled Tuesday Blitz"]
[Site "Chess.com"]
[Date "2021.04.27"]
[Round "10"]
[White "kritipatel"]
[Black "dodorox"]
[Result "1-0"]
[WhiteElo "1784"]
[BlackElo "2109"]
[TimeControl "180+1"]
[EndTime "11:52:13 PDT"]
[Termination "kritipatel won by resignation"]

1. e4 d6 2. d4 e5 3. dxe5 dxe5 4.
Qxd8+ Kxd8 5. Nc3 c6 6. Be3 Nd7 7. O-O-O Kc7 8. f4 Bd6 9. f5 f6 10. g4 b6 11. h4 Bc5 12. Bd2 Ne7 13. Nf3 Bb7 14. g5 h5 15. Bc4 Rad8 16. a3 a6 17. b4 Bd6 18. Rhg1 a5 19. b5 Bxa3+ 20. Kb1 Bb4 21. bxc6 Bxc6 22. gxf6 gxf6 23. Rg7 Nc8 24. Nb5+ Bxb5 25. Bxb5 Bxd2 26. Rxd2 Nd6 27. Ba4 Rdg8 28. Rxd7+ 1-0

[Event "*** Titled Tuesday Blitz"]
[Site "Chess.com"]
[Date "2021.04.27"]
[Round "10"]
[White "StockholmMissile"]
[Black "anon6121824"]
[Result "0-1"]
[WhiteElo "2624"]
[BlackElo "2820"]
[TimeControl "180+1"]
[EndTime "11:52:28 PDT"]
[Termination "anon6121824 won by resignation"]

1. d4 Nf6 2. c4 g6 3. Nc3 d6 4. e4 Bg7 5. h3 O-O 6. Be3 Nc6 7.
Nf3 e5 8. d5 Ne7 9. Be2 Nh5 10.
O-O h6 11. Ne1 Nf4 12. Nd3 g5 13. c5 f5 14. cxd6 cxd6 15. f3 Bd7 16. Rc1 Neg6 17. Nf2 Nxe2+ 18. Qxe2 f4 19. Bd2 h5 20. Nb5 Qe7 21. Bb4 Rf6 22. Rc2 a6 23. Na3 Raf8 24. Nc4 Nh4 25. b3 g4 26. fxg4 f3 27. gxf3 Nxf3+ 28. Kh1 hxg4 29. Ne3 Nd4 30. Qd2 Nxc2 31. Qxc2 g3 0-1

[Event "*** Titled Tuesday Blitz"]
[Site "Chess.com"]
[Date "2021.04.27"]
[Round "10"]
[White "RamyresCoelho"]
[Black "ADODOVE"]
[Result "1-0"]
[WhiteElo "2159"]
[BlackElo "1987"]
[TimeControl "180+1"]
[EndTime "11:52:28 PDT"]
[Termination "RamyresCoelho won on time"]

1. e4 c5 2. Nf3 d6 3. d4 cxd4 4.
Nxd4 Nf6 5. Nc3 g6 6. f4 Nc6 7. Nxc6 bxc6 8. e5 Nh5 9. g4 e6 10. gxh5 Qh4+ 11. Ke2 Ba6+ 12. Kf3 Qxh5+ 13. Kg2 Bxf1+ 14.
Rxf1 Qf5 15. exd6 Rd8 16. Qf3 Rxd6 17. Be3 Bg7 18. Ne4 Rd5 19. Rad1 O-O 20. Rxd5 exd5 21. Ng3 Qxc2+ 22. Rf2 Qa4 23. b3 Qb5 24. f5 d4 25.
Bd2 Be5 26. fxg6 hxg6 27. Ne4 Qd5 28. Nf6+ Bxf6 29. Qxd5 cxd5 30. Rxf6 Rc8 31. Rf2 Rc2 32. Be3 1-0

[Event "*** Titled Tuesday Blitz"]
[Site "Chess.com"]
[Date "2021.04.27"]
[Round "10"]
[White "OlifantCZ"]
[Black "Pantata007"]
[Result "1-0"]
[WhiteElo "2262"]
[BlackElo "2282"]
[TimeControl "180+1"]
[EndTime "11:52:33 PDT"]
[Termination "OlifantCZ won on time"]

1. c4 Nf6 2. g3 c6 3. Bg2 d5 4. Nf3 dxc4 5. O-O Nbd7 6. Na3 Nb6 7. Qc2 Be6 8. Ng5 Bg4 9. Nxc4 Bxe2 10. Ne5 Bh5 11. Re1 e6 12. Bxc6+ bxc6 13. Qxc6+ Nfd7 14. Ngxf7 Qf6 15. Nxd7 Nxd7 16. Rxe6+ Kxf7 17. Rxf6+ Nxf6 18. Qxa8 1-0

[Event "*** Titled Tuesday Blitz"]
[Site "Chess.com"]
[Date "2021.04.27"]
[Round "10"]
[White "Rodchenkov_Vitalij"]
[Black "DarZay"]
[Result "1-0"]
[WhiteElo "2069"]
[BlackElo "2153"]
[TimeControl "180+1"]
[EndTime "11:52:34 PDT"]
[Termination "Rodchenkov_Vitalij won on time"]

1. Nf3 d5 2. d4 Nf6 3. c4 e6 4. g3 Bb4+ 5. Bd2 Bxd2+ 6. Nbxd2 dxc4 7. Nxc4 b5 8. Nce5 Bb7 9. Bg2 O-O 10. O-O Nc6 11.
Nxc6 Bxc6 12. Rc1 Qd6 13. e3 Bb7 14. Qc2 Rac8 15. Qc5 a6 16. Ne5 Bxg2 17. Kxg2 Ne4 18. Qc6 Qd5 19. Qxd5 exd5 20. Rc6 f6 21. Nd7 Rf7 22.
Nc5 Nxc5 23. Rxc5 c6 24. Rfc1 Rfc7 25. b4 Kf7 26. Kf3 Ke6 27. e4 dxe4+ 28. Kxe4 g6 29.
f4 Kd6 30. f5 Re8+ 31. Kf4 g5+ 32. Kf3 h5 33. d5 Re5 34. dxc6 Rxc5 35. Rxc5 Rxc6 36.
Rxc6+ Kxc6 37. g4 hxg4+ 38. Kxg4 Kd5 39. Kh5 Ke5 40. Kg6 Kf4 41. Kxf6 Kf3 42. Kxg5 1-0

[Event "*** Titled Tuesday Blitz"]
[Site "Chess.com"]
[Date "2021.04.27"]
[Round "10"]
[White "WildBizon"]
[Black "OlegKrivonosov"]
[Result "0-1"]
[WhiteElo "2655"]
[BlackElo "2684"]
[TimeControl "180+1"]
[EndTime "11:52:39 PDT"]
[Termination "OlegKrivonosov won by resignation"]

1. e4 e5 2. Nc3 Nf6 3. f4 d5 4.
fxe5 Nxe4 5. Qf3 Nc6 6. Nxe4 Nd4 7. Qc3 dxe4 8. Ne2 Nxe2 9. Bxe2 Be7 10. O-O O-O 11. Bc4 Be6 12. Bxe6 fxe6 13. Rxf8+ Bxf8 14. b3 Qd5 15. Bb2 Bc5+ 16. Kh1 Rf8 17. b4 Bb6 18. a4 a5 19. Rd1 Rf2 20. Qh3 axb4 21. Qh5 Rf5 22.
Qg4 h5 23. Qg3 e3 24. h3 e2 25. Rc1 Rf1+ 0-1

[Event "*** Titled Tuesday Blitz"]
[Site "Chess.com"]
[Date "2021.04.27"]
[Round "10"]
[White "KIEV-1"]
[Black "IANOV0007"]
[Result "1-0"]
[WhiteElo "2287"]
[BlackElo "2484"]
[TimeControl "180+1"]
[EndTime "11:52:39 PDT"]
[Termination "KIEV-1 won by resignation"]

1. e4 d6 2. d4 Nf6 3. Nc3 c6 4. f3 Qb6 5. Nge2 e5 6. g4 h6 7. h4 Be7 8. Bh3 Na6 9. Be3 Qxb2 10. Rb1 Qa3 11. g5 hxg5 12. Bxc8 Rxc8 13. Rxb7 Rxh4 14. Rxh4 gxh4 15. Rxa7 Qa5 16. Qd3 Nb4 17. Rxa5 Nxd3+ 18. cxd3 h3 19. Kf2 Nd7 20. Kg3 f6 21. Kxh3 Rb8 22. Ra7 Bd8 23. Kg4 g6 24. Ra6 Bb6 25.
Na4 Bd8 26. Rxc6 Ke7 27. f4 Ra8 28. Rc4 Nb6 29. Nxb6 Bxb6 30. a4 Kd7 31. Kf3 Bc7 32. dxe5 dxe5 33. Nc3 exf4 34. Bxf4 Bxf4 35. Kxf4 Rh8 36.
a5 Ra8 37. Ra4 Kc6 38. Nd5 f5 39. a6 fxe4 40. dxe4 Kb5 41. Ra1 1-0

[Event "*** Titled Tuesday Blitz"]
[Site "Chess.com"]
[Date "2021.04.27"]
[Round "10"]
[White "mbojan"]
[Black "MaevskiyNikolay"]
[Result "1-0"]
[WhiteElo "2651"]
[BlackElo "2479"]
[TimeControl "180+1"]
[EndTime "11:52:43 PDT"]
[Termination "mbojan won by resignation"]

1. g3 c5 2. b3 Nc6 3. a3 Nf6 4. e3 d5 5. d3 Bg4 6. Be2 Bxe2 7. Qxe2 e5 8. Bb2 Bd6 9. e4 O-O 10. Nf3 Re8 11. O-O Qd7 12. Kg2 Rad8 13. Nc3 Bc7 14. Nb1 dxe4 15. dxe4 Qg4 16. Nbd2 Nh5 17. Kh1 Rxd2 18. Qxd2 Qxf3+ 19. Kg1 Nf4 20. gxf4 Re6 21. f5 Rh6 22. Qg5 Bd8 23. Qg2 Qf4 24. Bc1 Qh4 25. Bxh6 Qxh6 26. c3 Bg5 27. Rad1 Bd2 28. f6 Bxc3 29.
Qxg7+ Qxg7+ 30. fxg7 Kxg7 31. Rd7 b6 32. f4 exf4 33.
Rxf4 Ne5 34. Rxa7 Bd4+ 35. Kg2 Kg6 36. Rf5 f6 37. Rxe5 Bxe5 38. Rb7 Bb2 39. a4 Bd4 40.
Kf3 h5 41. h3 Kg5 42. Rxb6 c4 43. Rb5+ Kh4 44. bxc4 1-0

[Event "*** Titled Tuesday Blitz"]
[Site "Chess.com"]
[Date "2021.04.27"]
[Round "10"]
[White "PlotnikovPavel"]
[Black "Legendinunknown"]
[Result "0-1"]
[WhiteElo "2467"]
[BlackElo "2605"]
[TimeControl "180+1"]
[EndTime "11:52:43 PDT"]
[Termination "Legendinunknown won on time"]

1. e4 e5 2. Nf3 Nc6 3. Nc3 Nf6 4. Be2 d6 5. d4 exd4 6. Nxd4 g6 7. O-O Bg7 8. Be3 O-O 9. h3 Re8 10. Bf3 Ne5 11.
Be2 Nc6 12. Bf3 Bd7 13. Re1 Nxd4 14. Bxd4 Bc6 15. Nd5 Bxd5 16. exd5 Nd7 17. Bxg7 Kxg7 18. Qd4+ Ne5 19. Be2 Qf6 20. Qc3 Rac8 21. Bf1 Nd7 22. Qb4 Nb6 23. Qb3 Qd4 24. Rad1 Qc5 25. Rxe8 Rxe8 26. Qd3 Qb4 27. b3 Re1 28. Rxe1 Qxe1 29.
Qd4+ f6 30. Qd3 a5 31. a3 Nd7 32. Qb5 Nc5 33. b4 axb4 34. axb4 Ne4 35. Qd7+ Kh6 0-1

[Event "*** Titled Tuesday Blitz"]
[Site "Chess.com"]
[Date "2021.04.27"]
[Round "10"]
[White "poppy73"]
[Black "Region_07"]
[Result "0-1"]
[WhiteElo "2190"]
[BlackElo "2390"]
[TimeControl "180+1"]
[EndTime "11:52:44 PDT"]
[Termination "Region_07 won on time"]

1. e4 Nc6 2. Nf3 d6 3. d4 g6 4. Nc3 Bg7 5. Be3 Bg4 6. Be2 Bxf3 7. Bxf3 e5 8. d5 Nd4 9. Bxd4 exd4 10. Ne2 Qf6 11.
Qd3 h5 12. O-O-O g5 13. Qb5+ Kf8 14. Qxb7 Re8 15. Nxd4 Ne7 16. h3 g4 17. hxg4 hxg4 18.
Rxh8+ Bxh8 19. Be2 Qf4+ 20. Kb1 Bxd4 21. Rxd4 Qxf2 22.
Rd1 Qxe2 23. Rh1 Qxg2 24. Re1 Qf2 25. Rh1 g3 26. a4 g2 27. Rh8+ Ng8 28. Ka2 g1=Q 29.
Qxc7 Qc5 30. Qd7 Qc4+ 0-1

[Event "*** Titled Tuesday Blitz"]
[Site "Chess.com"]
[Date "2021.04.27"]
[Round "10"]
[White "szachuspl"]
[Black "Matensien"]
[Result "1-0"]
[WhiteElo "2529"]
[BlackElo "2348"]
[TimeControl "180+1"]
[EndTime "11:52:45 PDT"]
[Termination "szachuspl won on time"]

1. e4 c5 2. d4 cxd4 3. c3 g6 4. cxd4 d5 5. e5 Bh6 6. Nc3 Nc6 7. Nf3 Bg4 8. Be2 Bxc1 9. Rxc1 Nh6 10. O-O Nf5 11. h3 Bxf3 12. Bxf3 Nfxd4 13. Bxd5 O-O 14. Bxc6 Nxc6 15. Qe2 Qa5 16. f4 Rfd8 17. Rce1 Rd4 18. f5 Rad8 19. fxg6 hxg6 20. e6 f5 21. Qf2 Rd2 22. Qg3 Kg7 23. Ne4 Rxb2 24. Qg5 Qe5 25. Ng3 Qd4+ 26. Kh1 Kh7 27. Nxf5 gxf5 28. Rxf5 Qg7 29.
Rf7 1-0

[Event "*** Titled Tuesday Blitz"]
[Site "Chess.com"]
[Date "2021.04.27"]
[Round "10"]
[White "gisela_roque"]
[Black "chessdiamant"]
[Result "0-1"]
[WhiteElo "1900"]
[BlackElo "2289"]
[TimeControl "180+1"]
[EndTime "11:52:45 PDT"]
[Termination "chessdiamant won by resignation"]

1. c4 c5 2. Nc3 Nc6 3. Nf3 g6 4. g3 Bg7 5. Bg2 Nh6 6. O-O Nf5 7. a3 O-O 8. Rb1 a5 9. Ne1 d6 10. b3 Bd7 11. Bb2 e6 12. Ne4 h5 13. Bxg7 Kxg7 14. Qc2 Ncd4 15. Qd1 Qe7 16. e3 Nc6 17.
Nc2 d5 18. cxd5 exd5 19. Nc3 d4 20. Nd5 Qd6 21. exd4 Ncxd4 22. Nce3 Bc6 23. Nxf5+ Nxf5 24. Ne3 Nd4 25. Nc4 Qf6 26. d3 b5 27. Ne3 h4 28. Bxc6 Qxc6 29. f3 hxg3 30. hxg3 Rae8 31.
Ng4 f5 32. Nh2 Re3 33. Re1 Rfe8 34. Rxe3 Rxe3 35. Kg2 Re2+ 36. Kf1 Rxh2 0-1

[Event "*** Titled Tuesday Blitz"]
[Site "Chess.com"]
[Date "2021.04.27"]
[Round "10"]
[White "Aygehovit1992"]
[Black "elohunter1999"]
[Result "0-1"]
[WhiteElo "2612"]
[BlackElo "2500"]
[TimeControl "180+1"]
[EndTime "11:52:48 PDT"]
[Termination "elohunter1999 won by resignation"]

1. Nf3 d5 2. d4 Bf5 3. c4 e6 4. Nc3 Nf6 5. Bg5 Bb4 6. Qb3 Nc6 7. cxd5 Qxd5 8. e3 Qxb3 9. axb3 Ne4 10. Rc1 h6 11. Bf4 O-O-O 12. Bb5 Nxc3 13. bxc3 Ba3 14.
Ra1 Bb2 15. Kd2 Bxa1 16. Rxa1 Be4 17. Bxc6 Bxc6 18. Rxa7 f6 19. Bg3 Kb8 20. Ra1 g5 21. Ne1 Rhg8 22. f3 h5 23. Nd3 h4 24. Bf2 h3 25.
Nb4 hxg2 26. Nxc6+ bxc6 27. Rg1 c5 28. Rxg2 cxd4 29. exd4 c5 30. Kd3 cxd4 31. cxd4 Rh8 32. Bg3+ Kb7 33. Ke4 Rd5 34. Re2 Rhd8 35. Bf2 f5+ 36. Kd3 e5 37. Kc4 exd4 38. Kd3 Rc8 39. Re7+ Ka6 40. Be1 Rh8 41. Kc4 Rdd8 42. Bb4 Rxh2 43. Re6+ Kb7 44. Re7+ Kc8 45. Ba5 d3 46. Bxd8 d2 47. Bc7 Rh4+ 48. Kb5 d1=Q 0-1

[Event "*** Titled Tuesday Blitz"]
[Site "Chess.com"]
[Date "2021.04.27"]
[Round "10"]
[White "adriangschnitzer"]
[Black "Margency"]
[Result "1-0"]
[WhiteElo "2526"]
[BlackElo "2647"]
[TimeControl "180+1"]
[EndTime "11:52:49 PDT"]
[Termination "adriangschnitzer won by resignation"]

1. e4 c5 2. a3 g6 3. h4 h5 4. Nc3 Bg7 5. Bc4 Nc6 6. d3 d6 7.
Bg5 Nf6 8. Nf3 Bg4 9. Nd5 e6 10. Ne3 Bxf3 11. gxf3 a6 12. a4 Qa5+ 13. c3 Ne5 14. f4 Nxc4 15. Nxc4 Qc7 16. e5 dxe5 17.
fxe5 Nd5 18. Nd6+ Kf8 19. f4 Kg8 20. Qf3 Kh7 21. Rg1 Rhf8 22. Ne4 b5 23. Kf2 c4 24. d4 b4 25. Bf6 Bh6 26. Ng5+ Kg8 27. Nxe6 Qd7 28.
Qxh5 Nxf6 29. exf6 Qxe6 30. Rxg6+ fxg6 31. Qxg6+ 1-0

[Event "*** Titled Tuesday Blitz"]
[Site "Chess.com"]
[Date "2021.04.27"]
[Round "10"]
[White "ehrenfeld"]
[Black "NoGalloNoParty"]
[Result "1-0"]
[WhiteElo "2506"]
[BlackElo "2345"]
[TimeControl "180+1"]
[EndTime "11:52:50 PDT"]
[Termination "ehrenfeld won by resignation"]

1. e4 c5 2. Nf3 d6 3. Bc4 Nc6 4.
c3 g6 5. d4 cxd4 6. cxd4 Bg7 7. O-O Nf6 8. Nc3 O-O 9. h3 Nxe4 10. Bxf7+ Rxf7 11. Nxe4 Rxf3 12. Qxf3 Nxd4 13. Qd1 Bf5 14. Be3 Bxe4 15. Bxd4 e5 16. Be3 Qe7 17. Qb3+ Kh8 18. Rac1 Bc6 19. f4 e4 20. Rfd1 Rf8 21. Qb4 Rd8 22. Bd4 Qe6 23. Bxg7+ Kxg7 24. Qd4+ Kg8 25.
Re1 d5 26. b4 a6 27. Rc5 Qe7 28. a4 Bxa4 29. Rxd5 Re8 30. Re5 Qf7 31. Rxe8+ Bxe8 32. Qxe4 Bc6 33. Qe6 Qxe6 34. Rxe6 1-0

[Event "*** Titled Tuesday Blitz"]
[Site "Chess.com"]
[Date "2021.04.27"]
[Round "10"]
[White "MITerryble"]
[Black "K_A_S_T_O_R"]
[Result "1-0"]
[WhiteElo "2900"]
[BlackElo "2789"]
[TimeControl "180+1"]
[EndTime "11:52:53 PDT"]
[Termination "MITerryble won by resignation"]

1. e4 e6 2. d4 d5 3. exd5 exd5 4.
Nf3 Bg4 5. h3 Bh5 6. Qe2+ Qe7 7.
Be3 Nc6 8. Nc3 O-O-O 9. O-O-O Nf6 10. g4 Bg6 11. Nh4 Ne4 12. Nxg6 hxg6 13. Nxe4 Qxe4 14.
Rg1 Be7 15. Bg2 Qe6 16. Qd3 g5 17. Rge1 Qf6 18. Kb1 Kb8 19. a3 a6 20. c4 dxc4 21. Qxc4 Na7 22. Qb3 Nb5 23. a4 Nd6 24. Rc1 Qg6+ 25.
Ka1 Rhe8 26. Rc6 Kc8 27. Qb6 bxc6 28. Qxa6+ Nb7 29. Bxc6 Qxc6 30. Qxc6 Bb4 31. Rc1 Ba5 32. b4 Re6 33. Qc3 Bb6 34. a5 1-0

[Event "*** Titled Tuesday Blitz"]
[Site "Chess.com"]
[Date "2021.04.27"]
[Round "10"]
[White "vanyakuba"]
[Black "LenkaPtacnikova"]
[Result "1-0"]
[WhiteElo "2398"]
[BlackElo "2201"]
[TimeControl "180+1"]
[EndTime "11:52:53 PDT"]
[Termination "vanyakuba won by resignation"]

1. e4 d5 2. exd5 Qxd5 3. Nc3 Qd8 4. d4 Nf6 5. Nf3 c6 6. Bc4 Bf5 7. Ne5 e6 8. g4 Bg6 9. h4 h6 10. Nxg6 fxg6 11. Bxe6 Bb4 12. Be3 Qd6 13. Bb3 Ne4 14. Qd3 Nxc3 15. bxc3 Ba5 16. Qe4+ Kd8 17. O-O Bxc3 18. Rad1 Nd7 19. Bf4 Qe7 20. Qxg6 Qxh4 21.
Rd3 Bb4 22. c3 Be7 23. Re1 Bg5 24. Bg3 Qxg4 25. Be6 Nf8 26. Qxg7 Nxe6 27. Qxh8+ Kd7 28.
Qxa8 Nd8 29. Qxa7 h5 30. Qb8 1-0

[Event "*** Titled Tuesday Blitz"]
[Site "Chess.com"]
[Date "2021.04.27"]
[Round "10"]
[White "Lion-Al-Messi"]
[Black "ckgchess"]
[Result "0-1"]
[WhiteElo "2509"]
[BlackElo "2691"]
[TimeControl "180+1"]
[EndTime "11:52:56 PDT"]
[Termination "ckgchess won by resignation"]

1. e4 g6 2. d4 Bg7 3. Nf3 d6 4. c3 c5 5. dxc5 dxc5 6. Qxd8+ Kxd8 7. Be3 Nd7 8. Bb5 Ngf6 9. Ng5 Rf8 10. Nd2 h6 11.
Ngf3 a6 12. Be2 b5 13. e5 Ng4 14. Ne4 Nxe3 15. fxe3 Bb7 16. Nf2 Nxe5 17. O-O-O+ Kc7 18. Kb1 Rad8 19. Rde1 f5 20. Nh3 g5 21. Nf2 Nxf3 22. gxf3 Rd2 23. Kc1 Rfd8 24. h4 b4 25.
hxg5 bxc3 26. gxh6 cxb2+ 27. Kb1 Bh8 28. Nh3 Rxe2 29. Rxe2 Bxf3 30. Rxb2 Be4+ 31. Kc1 Bxb2+ 32. Kxb2 Bxh1 33. Nf4 Rh8 34. Ng6 Rxh6 35. Nxe7 Be4 36. Ng8 Rg6 37. Ne7 Rg7 38. Nd5+ Bxd5 39. a4 Re7 40. a5 Rxe3 0-1

[Event "*** Titled Tuesday Blitz"]
[Site "Chess.com"]
[Date "2021.04.27"]
[Round "10"]
[White "sm_sharon"]
[Black "BanjoKazooieN64"]
[Result "0-1"]
[WhiteElo "2148"]
[BlackElo "2478"]
[TimeControl "180+1"]
[EndTime "11:52:59 PDT"]
[Termination "BanjoKazooieN64 won by resignation"]

1. e4 e5 2. Bc4 Bc5 3. d3 c6 4.
f4 d5 5. exd5 cxd5 6. Bb5+ Nc6 7. fxe5 Qb6 8. Bxc6+ bxc6 9. Nf3 Bf2+ 10. Kf1 Bg4 11.
Nc3 Bh4 12. Qe2 Be7 13. h3 Bh5 14. g4 Bg6 15. Kg2 O-O-O 16. d4 h5 17. g5 h4 18. Na4 Qb5 19. Qxb5 cxb5 20. Nc3 a6 21. Be3 Bb4 22. Ne2 Ne7 23. c3 Ba5 24. Nf4 Be4 25. Kf2 Nf5 26.
Rhg1 Rde8 27. Nd2 Ng3 28. Nxe4 Nxe4+ 29. Kf3 Bd8 30. Nxd5 Ng3 31. Rxg3 hxg3 32. Kxg3 f6 33. gxf6 gxf6 34. Bf4 fxe5 35. Bxe5 Reg8+ 36. Kh2 Rh5 37. Rf1 Rg6 38. Rf8 Rgh6 39. Kg2 Kd7 40. Rf7+ Ke6 41.
Rf3 Kxd5 0-1

[Event "*** Titled Tuesday Blitz"]
[Site "Chess.com"]
[Date "2021.04.27"]
[Round "10"]
[White "gmpeter008"]
[Black "PolandHussars"]
[Result "1-0"]
[WhiteElo "2487"]
[BlackElo "2617"]
[TimeControl "180+1"]
[EndTime "11:53:03 PDT"]
[Termination "gmpeter008 won by resignation"]

1. d4 Nf6 2. Bf4 c5 3. e3 Qb6 4. Nc3 d5 5. Nb5 Na6 6. a4 Bf5 7. a5 Qd8 8. Nf3 e6 9. Be2 Be7 10. O-O O-O 11. dxc5 Nxc5 12. Nbd4 Bg6 13. c4 Rc8 14. b4 Nce4 15. c5 Nc3 16. Qd2 Nfe4 17. Qb2 Nxe2+ 18. Nxe2 Bh5 19. Rfd1 Bf6 20. Be5 Bxf3 21.
gxf3 Ng5 22. Kg2 Bxe5 23. Qxe5 f6 24. Qd4 Qe8 25. h4 Nf7 26. Ng3 Ne5 27. f4 Nc6 28.
Qd2 a6 29. Rab1 Kh8 30. b5 axb5 31. Rxb5 Rc7 32. Rdb1 Qf7 33. f5 exf5 34. Nxf5 Ne5 35.
Ng3 f5 36. Qd4 Re7 37. Rd1 Rd8 38. h5 h6 39. Qf4 Rf8 40. Rb6 Ng4 41. Rg6 Ne5 42.
Rd6 Nc4 43. R6xd5 Nxa5 44. Rxf5 1-0